 Dungeon Crawl Stone Soup version 0.28-a0-511-gcc94558de3 (webtiles) character file.

Game seed: 13181551282378470105

6942 siradein the Quickloader (level 11, -5/84 HPs)
             Began as a Gnoll Hunter on Sept 22, 2021.
             Was an Initiate of Gozag.
             Slain by a gnoll (14 damage)
             ... in a bailey.
             The game lasted 00:44:08 (15182 turns).

siradein the Quickloader (Gnoll Hunter)            Turns: 15182, Time: 00:44:09

Health: -5/84      AC: 14    Str: 13    XL:     11   Next: 7%
Magic:  19/19      EV: 12    Int: 14    God:    Gozag
Gold:   516        SH:  0    Dex: 14    Spells: 19/21 levels left

rFire   . . .      SeeInvis +   K - +0 short sword (vamp)
rCold   . . .      Faith    .   (no shield)
rNeg    . . .      Spirit   .   s - +1 scale mail {Will+}
rPois   .          Reflect  .   (no helmet)
rElec   .          Harm     .   (no cloak)
rCorr   .          Rampage  .   t - +1 pair of gloves
Will    +....                   (no boots)
Stlth   ++........              C - amulet of magic regeneration
HPRegen 0.24/turn               F - ring "Orodde" {AC+4 Int+3}
MPRegen 0.41/turn               f - ring of see invisible

@: gold aura
A: fangs 1, strong nose, distributed training
a: Renounce Religion, Potion Petition, Call Merchant, Bribe Branch


You were in a bailey.
You worshipped Gozag.
Gozag was pleased with you.
You visited 2 branches of the dungeon, and saw 11 of its levels.
You also visited: Sewer and Bailey.

You collected 1647 gold pieces.
You spent 360 gold pieces at shops.
You paid 771 gold pieces to Gozag.

Inventory:

Hand Weapons
 p - a +0 hunting sling
 K - a +0 vampiric short sword (weapon)
 T - the +7 trident of Untruth {venom, rPois}
   (You found it on level 6 of the Dungeon)

   It poisons the flesh of those it strikes.
   rPois:     It protects you from poison.
 U - the +7 quarterstaff of Perversion {vorpal, Will+ Str+6 Dex+7}
   (You found it on level 7 of the Dungeon)

   It inflicts extra damage upon your enemies.
   Str:       It affects your strength (+6).
   Dex:       It affects your dexterity (+7).
   Will:      It increases your willpower.
 X - the +9 triple crossbow of Spite {speed, Dex+2}
   (You bought it in a shop on level 7 of the Dungeon)

   Attacks with this weapon are significantly faster.
   Dex:       It affects your dexterity (+2).
Missiles
 b - 299 stones
 d - 40 bolts
 i - 149 arrows
 m - 42 boomerangs (quivered)
 r - 72 sling bullets
 J - 27 poisoned darts
 Y - 7 curare-tipped darts
Armour
 s - a +1 scale mail of willpower (worn)
 t - a +1 pair of gloves (worn)
Jewellery
 f - a ring of see invisible (right hand)
 j - a ring of magical power
 w - a ring of wizardry
 y - a +6 ring of dexterity
 C - an amulet of magic regeneration (around neck)
 F - the ring "Orodde" (left hand) {AC+4 Int+3}
   (You took it off an orc on level 6 of the Dungeon)

   [ring of protection]

   AC:        It affects your AC (+4).
   Int:       It affects your intelligence (+3).
 G - a ring of poison resistance
 W - a ring of resist corrosion
Wands
 A - a wand of digging (7)
 B - a wand of flame (18)
 H - a wand of mindburst (26)
Scrolls
 a - a scroll of torment {unknown}
 g - 6 scrolls of enchant armour
 h - 2 scrolls of amnesia
 l - 3 scrolls of fog {unknown}
 n - 8 scrolls of teleportation {unknown}
 u - 2 scrolls of noise {unknown}
 x - 2 scrolls of blinking {unknown}
 D - a scroll of immolation {unknown}
 E - 3 scrolls of fear
 L - a scroll of brand weapon {unknown}
 M - a scroll of magic mapping
 S - 3 scrolls of identify
 V - 2 scrolls of enchant weapon {unknown}
Potions
 c - a potion of berserk rage {unknown}
 e - 6 potions of curing
 k - a potion of flight {unknown}
 o - 2 potions of might
 q - 2 potions of magic {unknown}
 v - 2 potions of ambrosia
 z - 4 potions of brilliance {unknown}
 I - a potion of attraction {unknown}
 N - 5 potions of mutation {unknown}
 O - a potion of resistance {unknown}
 P - a potion of heal wounds
 Q - a potion of experience
 R - a potion of haste {unknown}


   Skills:
 + Level 7.6 Fighting
 + Level 5.9 Short Blades
 + Level 5.9 Long Blades
 + Level 5.9 Axes
 + Level 5.9 Maces & Flails
 + Level 5.9 Polearms
 + Level 5.9 Staves
 + Level 5.9 Slings
 + Level 5.9 Bows
 + Level 10.4 Crossbows
 + Level 5.9 Throwing
 + Level 5.9 Armour
 + Level 7.6 Dodging
 + Level 6.4 Stealth
 + Level 5.9 Shields
 + Level 5.9 Unarmed Combat
 + Level 5.9 Spellcasting
 + Level 4.9 Conjurations
 + Level 4.9 Hexes
 + Level 4.9 Summonings
 + Level 4.9 Necromancy
 + Level 4.9 Translocations
 + Level 4.9 Transmutations
 + Level 4.9 Fire Magic
 + Level 4.9 Ice Magic
 + Level 4.9 Air Magic
 + Level 4.9 Earth Magic
 + Level 4.9 Poison Magic
 + Level 6.5 Invocations
 + Level 5.9 Evocations


You had 19 spell levels left.
You knew the following spells:

 Your Spells              Type           Power      Damage    Failure   Level
a - Passwall              Tmut/Erth      14%        N/A       13%         2

Your spell library contained the following spells:

 Spells                   Type           Power      Damage    Failure   Level
 Magic Dart               Conj           68%        1d6       9%          1
 Sandblast                Erth           34%        2d9       9%          1
 Summon Small Mammal      Summ           68%        N/A       9%          1
 Corpse Rot               Necr/Air       N/A        N/A       13%         2
 Searing Ray              Conj           34%        2d5       13%         2
 Sublimation of Blood     Necr           8%         N/A       13%         2
 Wereblood                Tmut           17%        N/A       13%         2
 Call Canine Familiar     Summ           17%        N/A       26%         3
 Stone Arrow              Conj/Erth      34%        3d9       26%         3
 Summon Guardian Golem    Hex/Summ       17%        N/A       26%         3
 Dispel Undead            Necr           17%        3d10      63%         4
 Fulminant Prism          Conj/Hex       8%         3d7       63%         4
 Iskenderun's Battlesphe  Conj           17%        2d7       93%         5
 Death Channel            Necr           8%         N/A       100%        6
 Iron Shot                Conj/Erth      8%         9d3       100%        6
 Spellforged Servitor     Conj/Summ      8%         N/A       100%        7
 Summon Hydra             Summ           8%         N/A       100%        7


Dungeon Overview and Level Annotations

Branches:
Dungeon (10/15)            Temple (1/1) D:4             Orc (0/2) D:9
  Sewer (visited)          Bailey (1/1)
   Lair: D:8-11

Altars:
Ashenzari
Cheibriados
Dithmenos
Elyvilon
Fedhas
Gozag
Hepliaklqana
Kikubaaqudgha
Makhleb
Nemelex Xobeh
Okawaru
Qazlal
Ru
Sif Muna
Trog
Uskayaw
Vehumet
Wu Jian
Xom
Yredelemnul
Zin
The Shining One

Shops:
D:7 *   D:8 [

Annotations:
D:5 1 runed translucent door, siradein's ghost, novice TeGl


Innate Abilities, Weirdness & Mutations

You have very sharp teeth.
Your uncanny sense of smell can sniff out nearby items.
Your experience applies equally to all skills.


Message History

* * * LOW HITPOINT WARNING * * *
You feel much better. The hobgoblin barely misses you.
The gnoll barely misses you.
You hit the hobgoblin.
You feel better.
You kill the hobgoblin!
The gnoll hits you with a +0 halberd of electrocution.
There is an open door here.
Things that are here:
8 gold pieces; 3 boomerangs; a potion of experience You hit the gnoll.
You feel better.
You punch the gnoll, but do no damage.
The gnoll is moderately wounded.
The gnoll closely misses you.
You hit the gnoll.
You feel better.
Your punch misses the gnoll. You bite the gnoll, but do no damage.
The gnoll is severely wounded.
The gnoll hits you with a +0 halberd of electrocution.
You are electrocuted!
You completely miss the gnoll.
The gnoll is severely wounded.
The gnoll hits you with a +0 halberd of electrocution.
You barely miss the gnoll. You bite the gnoll, but do no damage.
The gnoll is severely wounded.
The gnoll hits you but does no damage.
You hit the gnoll.
The gnoll is severely wounded.
You hit the gnoll but do no damage.
The gnoll is severely wounded.
The gnoll hits you with a +0 halberd of electrocution!
* * * LOW HITPOINT WARNING * * *
Your scale mail prevents you from hitting the gnoll.
The gnoll is severely wounded.
The gnoll hits you with a +0 halberd of electrocution.
* * * LOW HITPOINT WARNING * * *
You are electrocuted!
* * * LOW HITPOINT WARNING * * *
Your scale mail prevents you from hitting the gnoll.
The gnoll is severely wounded.
The gnoll hits you but does no damage.
You are electrocuted!
You die...
Your body crumbles into a pile of gold.

#.# #.# #.# #.###$#
#'##'##+ #'##'##'##
#.....# #.....##
###.....#####.....###
#.'..∩..'.#.'.)⌠..'.#
###.....#####.....###
##..)..## ##.)...##
##'##'##'###'##)##'##
#∩###.###.@g###.###.#
### ### ##### ### ###


You could see a gnoll.

Vanquished Creatures
  Pikel (D:8)
  A manticore (D:10)
  A gargoyle (D:7)
  2 trolls (D:9)
  A hornet (D:9)
  Grinder (D:3)
  Sigmund (D:3)
  A wyvern (D:9)
  A steam dragon (D:7)
  Edmund (D:4)
  An acid dragon (D:9)
  Duvessa (D:7)
  A water moccasin (D:6)
  2 ice beasts
  2 black bears (D:8)
  3 orc warriors
  2 sky beasts
  4 necrophages
  An ogre (D:7)
  A phantom (D:6)
  2 centaurs
  Blork the orc (D:5)
  2 kobold brigands
  A wyvern zombie (D:8)
  3 bullfrogs
  A gnoll sergeant (D:9)
  2 scorpions
  Dowan (D:7)
  A wyvern skeleton (D:6)
  2 water moccasin skeletons (D:5)
  5 wights
  3 howler monkeys
  3 electric eels (D:8)
  A centaur zombie (D:6)
  A bullfrog zombie (D:7)
  3 jellies (D:7)
  A bullfrog skeleton (D:5)
  A hound (D:6)
  8 orc priests
  5 iguanas
  Jessica (D:2)
  Ijyb (D:4)
  Terence (D:3)
  Natasha (thrice) (D:2)
  8 orc wizards
  Robin (D:2)
  14 gnolls
  A howler monkey skeleton (D:5)
  5 river rats (Sewer)
  13 adders
  A white imp (D:7)
  An adder skeleton (D:4)
  2 worms
  20 orcs
  3 endoplasms
  A giant cockroach (D:3)
  21 goblins
  17 hobgoblins
  8 jackals (D:1)
  20 kobolds
  4 quokkas
  14 ball pythons
  6 bats
  7 frilled lizards
  24 rats
273 creatures vanquished.

Vanquished Creatures (others)
  An ogre (D:7)
1 creature vanquished.

Grand Total: 274 creatures vanquished

Notes
Turn   | Place    | Note
-------+----------+-------------------------------------------
     0 | D:1      | siradein the Gnoll Hunter began the quest for the Orb.
     0 | D:1      | Reached XP level 1. HP: 20/20 MP: 1/1
   236 | D:1      | Found a faded altar of an unknown god.
   262 | D:1      | Reached XP level 2. HP: 15/26 MP: 2/2
   721 | D:1      | Reached XP level 3. HP: 29/31 MP: 3/3
  1506 | D:2      | Noticed Jessica
  1519 | D:2      | Killed Jessica
  1520 | D:2      | Reached skill level 1 in Short Blades
  1520 | D:2      | Reached skill level 1 in Long Blades
  1520 | D:2      | Reached skill level 1 in Axes
  1520 | D:2      | Reached skill level 1 in Maces & Flails
  1520 | D:2      | Reached skill level 1 in Polearms
  1520 | D:2      | Reached skill level 1 in Staves
  1520 | D:2      | Reached skill level 1 in Slings
  1520 | D:2      | Reached skill level 1 in Bows
  1520 | D:2      | Reached skill level 1 in Throwing
  1520 | D:2      | Reached skill level 1 in Armour
  1520 | D:2      | Reached skill level 1 in Shields
  1520 | D:2      | Reached skill level 1 in Unarmed Combat
  1520 | D:2      | Reached skill level 1 in Spellcasting
  1520 | D:2      | Reached skill level 1 in Invocations
  1520 | D:2      | Reached skill level 1 in Evocations
  1520 | D:2      | Reached XP level 4. HP: 20/38 MP: 5/5
  1539 | D:2      | Noticed Robin
  1549 | D:2      | Killed Robin
  1591 | D:2      | Reached skill level 1 in Conjurations
  1591 | D:2      | Reached skill level 1 in Hexes
  1591 | D:2      | Reached skill level 1 in Summonings
  1591 | D:2      | Reached skill level 1 in Necromancy
  1591 | D:2      | Reached skill level 1 in Translocations
  1591 | D:2      | Reached skill level 1 in Transmutations
  1591 | D:2      | Reached skill level 1 in Fire Magic
  1591 | D:2      | Reached skill level 1 in Ice Magic
  1591 | D:2      | Reached skill level 1 in Air Magic
  1591 | D:2      | Reached skill level 1 in Earth Magic
  1591 | D:2      | Reached skill level 1 in Poison Magic
  1970 | D:2      | Found a snail-covered altar of Cheibriados.
  2063 | D:2      | Noticed Natasha
  2075 | D:2      | Killed Natasha
  2076 | D:2      | Reached XP level 5. HP: 17/43 MP: 6/6
  2294 | D:2      | Noticed Natasha
  2312 | D:2      | Killed Natasha
  2347 | D:2      | Noticed Natasha
  2359 | D:2      | Killed Natasha
  2884 | D:3      | Found a burning altar of Makhleb.
  2947 | D:3      | Noticed Sigmund
  2955 | D:3      | Killed Sigmund
  2956 | D:3      | Reached skill level 5 in Fighting
  2956 | D:3      | Reached skill level 5 in Dodging
  2956 | D:3      | Reached XP level 6. HP: 44/51 MP: 7/9
  3295 | D:3      | Noticed Terence
  3316 | D:3      | Killed Terence
  3458 | D:3      | Noticed Grinder
  3466 | D:3      | Killed Grinder
  3467 | D:3      | Reached XP level 7. HP: 49/56 MP: 10/10
  3747 | D:4      | Noticed Edmund
  3767 | D:4      | Killed Edmund
  3768 | D:4      | Reached skill level 9 in Crossbows
  4055 | D:4      | Found a staircase to the Ecumenical Temple.
  4067 | Temple   | Entered the Ecumenical Temple
  4293 | Temple   | Became a worshipper of Gozag Ym Sagoz the Greedy
  4439 | D:4      | Noticed Ijyb
  4459 | D:4      | Killed Ijyb
  4628 | D:4      | Reached XP level 8. HP: 63/63 MP: 12/12
  4823 | D:5      | Entered Level 5 of the Dungeon
  5137 | D:5      | Found a runed translucent door.
  5696 | D:5      | Noticed Blork the orc
  5709 | D:5      | Killed Blork the orc
  6265 | D:5      | Noticed siradein's ghost (novice TeGl)
  6953 | D:6      | Reached XP level 9. HP: 35/69 MP: 14/14
  7174 | D:6      | Identified the ring "Orodde" {AC+4 Int+3}
  7175 | D:6      | Found a glowing drain.
  7271 | Sewer    | Entered a sewer
  8947 | D:6      | Reached skill level 5 in Stealth
  8972 | D:6      | Identified the +7 trident of Untruth {venom, rPois}
  9285 | D:7      | Noticed a gargoyle
  9295 | D:7      | Killed a gargoyle
  9296 | D:7      | Reached skill level 5 in Invocations
  9906 | D:7      | Noticed Duvessa
  9906 | D:7      | Noticed Dowan
  9920 | D:7      | Killed Duvessa
  9925 | D:7      | Killed Dowan
 10127 | D:7      | Reached XP level 10. HP: 45/77 MP: 17/17
 10615 | D:7      | Found a sparkling altar of Nemelex Xobeh.
 10623 | D:7      | Found a glowing golden altar of the Shining One.
 10630 | D:7      | Found a shimmering blue altar of Sif Muna.
 10637 | D:7      | Found a sacrificial altar of Ru.
 10645 | D:7      | Found a snail-covered altar of Cheibriados.
 10655 | D:7      | Found a hazy altar of Hepliaklqana.
 10661 | D:7      | Found a broken altar of Ashenzari.
 10784 | D:7      | Identified the +7 quarterstaff of Perversion {vorpal, Will+
                  | Str+6 Dex+7}
 10916 | D:7      | Found an ancient bone altar of Kikubaaqudgha.
 11057 | D:8      | Reached skill level 5 in Short Blades
 11057 | D:8      | Reached skill level 5 in Long Blades
 11057 | D:8      | Reached skill level 5 in Axes
 11057 | D:8      | Reached skill level 5 in Maces & Flails
 11057 | D:8      | Reached skill level 5 in Polearms
 11057 | D:8      | Reached skill level 5 in Staves
 11057 | D:8      | Reached skill level 5 in Slings
 11057 | D:8      | Reached skill level 5 in Bows
 11057 | D:8      | Reached skill level 5 in Throwing
 11057 | D:8      | Reached skill level 5 in Armour
 11057 | D:8      | Reached skill level 5 in Shields
 11057 | D:8      | Reached skill level 5 in Unarmed Combat
 11057 | D:8      | Reached skill level 5 in Spellcasting
 11057 | D:8      | Reached skill level 5 in Evocations
 11240 | D:8      | Reached skill level 10 in Crossbows
 12155 | D:7      | Bought a translucent triple crossbow for 360 gold pieces
 12155 | D:7      | Identified the +9 triple crossbow of Spite {speed, Dex+2}
                  | (You bought it in a shop on level 7 of the Dungeon)
 12207 | D:8      | Noticed Pikel
 12210 | D:8      | Killed Pikel
 12693 | D:8      | Found Pienatomp's Armour Shoppe.
 12904 | D:9      | Paralysed by a hornet for 2 turns
 13647 | D:9      | Found a staircase to the Orcish Mines.
 13940 | D:9      | Learned a level 2 spell: Passwall
 14278 | D:10     | Entered Level 10 of the Dungeon
 14567 | D:10     | Reached XP level 11. HP: 84/84 MP: 19/19
 14621 | D:10     | Noticed a manticore
 14635 | D:10     | Killed a manticore
 14857 | D:10     | Found a flagged portal.
 14867 | Bailey   | Entered a bailey
 15182 | Bailey   | Slain by a gnoll

Illustrated notes

Levels and vault maps discovered:
D:1:      elethiomel_arrival_quiet, layout_loops_corners,
          shapermc_ecumenical_altar_mp_ritualfount
D:2:      layout_rooms, basic_altar, kennysheep_nondescript, uniq_natasha,
          uniq_jessica, uniq_robin
D:3:      layout_basic, old_standard_altar, serial_co_window_serial,
          co_window_of_opportunity_a, co_window_of_opportunity_a,
          co_window_of_opportunity_a, co_window_corner_a, co_window_cross_1,
          co_window_corner_b, co_window_broadway_c, co_window_unsneaky_path_a,
          co_window_corner_b, glass_columns_a, glass_columns_b, glass_columns_a,
          uniq_grinder, uniq_sigmund, uniq_terence
D:4:      layout_rooms, minmay_temple_entry_stoned_glass, glass_columns_b,
          uniq_edmund, uniq_ijyb
D:5:      layout_layer_cave, ebering_ghost_sewer_d, minmay_misc_feat_ornament,
          minmay_door_square, kennysheep_generic_room_12, uniq_blork_the_orc
D:6:      layout_rooms, gup_sewer_entry_glass, serial_glass, glass_columns_a,
          glass_columns_a
D:7:      layout_basic, lemuel_coloured_pillars_altar,
          grunt_temple_overflow_octagram, uniq_duvessa
D:8:      minmay_evil_eye, layout_cave_pools, nicolae_wooded_promenade,
          minmay_misc_feat_diagonals, minmay_crystal_water, uniq_pikel
D:9:      layout_gridville, orc_0_dummy
D:10:     layout_basic, enter_bailey_3, uniq_urug, uniq_harold
Temple:   nicolae_temple_figure_eight
Bailey:   bailey_axe_2, bailey

Skill      XL: |  1  2  3  4  5  6  7  8  9 10 |
---------------+-------------------------------+-----
Short Blades   | 1 2 3 4 5 |  5.9
Long Blades    | 1 2 3 4 5 |  5.9
Axes           | 1 2 3 4 5 |  5.9
Maces & Flails | 1 2 3 4 5 |  5.9
Polearms       | 1 2 3 4 5 |  5.9
Staves         | 1 2 3 4 5 |  5.9
Slings         | 1 2 3 4 5 |  5.9
Bows           | 1 2 3 4 5 |  5.9
Throwing       | 1 2 3 4 5 |  5.9
Armour         | 1 2 3 4 5 |  5.9
Shields        | 1 2 3 4 5 |  5.9
Unarmed Combat | 1 2 3 4 5 |  5.9
Spellcasting   | 1 2 3 4 5 |  5.9
Invocations    | 1 2 3 4 5 6 |  6.5
Evocations     | 1 2 3 4 5 |  5.9
Conjurations   | 1 2 3 4 |  4.9
Hexes          | 1 2 3 4 |  4.9
Summonings     | 1 2 3 4 |  4.9
Necromancy     | 1 2 3 4 |  4.9
Translocations | 1 2 3 4 |  4.9
Transmutations | 1 2 3 4 |  4.9
Fire Magic     | 1 2 3 4 |  4.9
Ice Magic      | 1 2 3 4 |  4.9
Air Magic      | 1 2 3 4 |  4.9
Earth Magic    | 1 2 3 4 |  4.9
Poison Magic   | 1 2 3 4 |  4.9
Fighting       | 5 6 7 |  7.6
Dodging        | 5 6 7 |  7.6
Stealth        | 3 4 5 6 |  6.4
Crossbows      | 9 10 | 10.4

Action                   |  1- 3 |  4- 6 |  7- 9 | 10-12 || total
-------------------------+-------+-------+-------+-------++-------
Melee: Short sword       |    13 |       |   259 |    59 ||   331
       Dagger            |    67 |   129 |   173 |       ||   369
       Bite              |     6 |    13 |    43 |    26 ||    88
       Punch             |       |       |    15 |     2 ||    17
       Trident           |       |       |    49 |    24 ||    73
       Quarterstaff      |       |       |       |   123 ||   123
 Fire: Hunting sling     |       |    14 |   195 |   130 ||   339
       Hand crossbow     |       |    14 |    11 |       ||    25
       Triple crossbow   |       |       |       |    15 ||    15
Throw: Boomerang         |       |       |     6 |    16 ||    22
Invok: Call Merchant     |       |       |       |     1 ||     1
  Use: Scroll            |       |       |     7 |     1 ||     8
       Potion            |       |       |     1 |     1 ||     2
 Stab: Sleeping          |     3 |     3 |       |     1 ||     7
       Distracted        |       |       |     3 |       ||     3
Armor: Leather armour    |    15 |    15 |       |       ||    30
       Scale mail        |       |    30 |   376 |   107 ||   513
Dodge: Dodged            |    41 |    50 |   420 |   181 ||   692

Table legend: (Time is in decaauts)
 A = Elapsed time spent in this place.
 B = Non-inter-level travel time spent in this place.
 C = Inter-level travel time spent in this place.
 D = Time resting spent in this place.
 E = Time spent auto-exploring this place.
 F = Levels seen in this place.
 G = Mean time per level.
                   A        B        C        D        E       F      G
               +--------+--------+--------+--------+--------+-----+--------+
         Total |  15123 |  14784 |    339 |   1982 |   9727 |  13 | 1163.3 |
       Dungeon |  13714 |  13375 |    339 |   1977 |   8808 |  10 | 1371.4 |
        Temple |    238 |    238 |      0 |      0 |    196 |   1 |  238.0 |
         Sewer |    869 |    869 |      0 |      0 |    555 |   1 |  869.0 |
        Bailey |    300 |    300 |      0 |      5 |    168 |   1 |  300.0 |
               +--------+--------+--------+--------+--------+-----+--------+

Top non-repeatable levels by time:
     D:7: 2403 daAuts
     D:5: 2064 daAuts
     D:9: 1667 daAuts
     D:1: 1433 daAuts
     D:6: 1391 daAuts
     D:3: 1284 daAuts
     D:2: 1229 daAuts
     D:8: 1211 daAuts
   Sewer: 869 daAuts
     D:4: 692 daAuts
    D:10: 335 daAuts
  Bailey: 300 daAuts
  Temple: 238 daAuts
